cohdb
Replays
Latest Replays
All Replays
Popular Replays
Top Player Replays
Match Explorer
How It Works
Community
CoH3 Stats
Reddit
Sign in to upload your games and track your stats! →
Sign in with Steam
Match 45116885
Unlisted
Match 45116885
Overview
Messages
Build Orders
End
Construct Barracks
Riflemen Squad
Riflemen Squad
M1 Mortar Team
Grenade Package
Riflemen Squad
Air Support Center
Riflemen Squad
Construct Medical Station
Construct Motor Pool
P-47 Strafing Run
M8 Greyhound Armored Car
Riflemen Squad
M1918 Browning Automatic Rifles
Engineer Squad
P-47 Dive Bomb
P-47 Strafing Run
Double Sortie
P-47 Strafing Run
M1 Anti-tank Gun Team
P-47 Strafing Run
.30 cal Machine Gun
P-47 Dive Bomb
stunta
Specialtee
JuliTOMST
rockkiller31
L'hermite
chmod 777
0
0
Comments
sign in to comment!
No comments posted yet!